NWL (28 & UNDER)
MENLO MANIACS @ CULVER CITY EXTRAS
07/20/2030
 
TOP OF THE 1ST
Menlo Maniacs batting - Pitching for Culver City Extras : LHP Sebastián Cervantes
Pitching: LHP Sebastián Cervantes
Batting: LHB Derrek Robinson 0-0: Foul Ball, location: 2F
0-1: Swinging Strike
0-2: SINGLE (Line Drive, 4D)
Batting: RHB Ben Byrd 0-0: Ball
1-0: Called Strike
1-1: Called Strike
1-2: Ball
2-2: Ball
3-2: Strikes out swinging
Batting: RHB Currito Campos 0-0: Called Strike
Derrek Robinson is caught stealing 2nd base
0-1: Called Strike
0-2: Ball
1-2: Strikes out looking
Top of the 1st over - 0 runs, 1 hit, 0 errors, 0 left on base; Menlo 0 - Culver City 0
BOTTOM OF THE 1ST
Culver City Extras batting - Pitching for Menlo Maniacs : RHP Daniel Betteridge
Pitching: RHP Daniel Betteridge
Batting: LHB Martín Garza 0-0: Ball
1-0: Fly out, F9 (Flyball, 89M)
Batting: RHB Mitchell Darragh 0-0: Called Strike
0-1: Ground out 6-3 (Groundball, 6)
Batting: LHB Iván Espinosa 0-0: Ball
1-0: Swinging Strike
1-1: Ball
2-1: Foul Ball, location: 2F
2-2: Ground out 6-3 (Groundball, 6)
Bottom of the 1st over - 0 runs, 0 hits, 0 errors, 0 left on base; Menlo 0 - Culver City 0
TOP OF THE 2ND
Menlo Maniacs batting - Pitching for Culver City Extras : LHP Sebastián Cervantes
Batting: RHB Eleuterio Supardo 0-0: Ground out 5-3 (Groundball, 5)
Batting: LHB Robby Lawson 0-0: Ball
1-0: Swinging Strike
1-1: Ball
2-1: Ball
3-1: SOLO HOME RUN (Flyball, 9D), Distance : 390 ft
Batting: RHB José García 0-0: Ball
1-0: Foul Ball, location: 2F
1-1: Called Strike
1-2: Strikes out looking
Batting: RHB Miguel González 0-0: Ball
1-0: Ball
2-0: Called Strike
2-1: Foul Ball, location: 2F
2-2: Ground out 4-3 (Groundball, 4)
Top of the 2nd over - 1 run, 1 hit, 0 errors, 0 left on base; Menlo 1 - Culver City 0
BOTTOM OF THE 2ND
Culver City Extras batting - Pitching for Menlo Maniacs : RHP Daniel Betteridge
Batting: LHB Tony Smith 0-0: Ball
1-0: Ball
2-0: Ball
3-0: Called Strike
3-1: Foul Ball, location: 2F
3-2: Base on Balls
Batting: SHB Norberto Muńóz 0-0: Called Strike
0-1: Foul Ball, location: 2F
0-2: Strikes out swinging
Batting: RHB Dave Anderson 0-0: Called Strike
0-1: SINGLE (Groundball, 3) (infield hit)
Tony Smith to second
Batting: LHB Francisco Chavero 0-0: Grounds into double play, 4-6-3 (Groundball, 4M)
Bottom of the 2nd over - 0 runs, 1 hit, 0 errors, 1 left on base; Menlo 1 - Culver City 0
TOP OF THE 3RD
Menlo Maniacs batting - Pitching for Culver City Extras : LHP Sebastián Cervantes
Batting: SHB Von Smith 0-0: SINGLE (Groundball, 3D)
Batting: RHB William Rogers 0-0: Called Strike
0-1: Swinging Strike
0-2: Ball
1-2: Ball
2-2: Strikes out swinging
Batting: LHB Derrek Robinson 0-0: Ball
1-0: Swinging Strike
1-1: Ball
2-1: Ball
3-1: Fly out, F7 (Line Drive, 7D)
Batting: RHB Ben Byrd 0-0: Ball
1-0: Fly out, F5 (Line Drive, 5)
Top of the 3rd over - 0 runs, 1 hit, 0 errors, 1 left on base; Menlo 1 - Culver City 0
BOTTOM OF THE 3RD
Culver City Extras batting - Pitching for Menlo Maniacs : RHP Daniel Betteridge
Batting: RHB John Stevens 0-0: Called Strike
0-1: Ground out 1-3 (Groundball, 13)
Batting: SHB Joey Boyd 0-0: Ball
1-0: Ball
2-0: Ball
3-0: Called Strike
3-1: Base on Balls
Batting: LHB Martín Garza 0-0: Called Strike
0-1: Ball
1-1: Ball
2-1: Ball
3-1: Called Strike
3-2: Foul Ball, location: 2F
3-2: Base on Balls
Joey Boyd to second
Batting: RHB Mitchell Darragh 0-0: Swinging Strike
0-1: Ball
1-1: Ball
2-1: Ball
3-1: Foul Ball, location: 2F
3-2: Foul Ball, location: 2F
3-2: Base on Balls
Joey Boyd to third
Martín Garza to second
Batting: LHB Iván Espinosa 0-0: Called Strike
0-1: Called Strike
0-2: SINGLE (Groundball, 34) (infield hit)
Joey Boyd scores
Martín Garza to third
Mitchell Darragh to second
Batting: LHB Tony Smith 0-0: Ball
1-0: Ball
2-0: Foul Ball, location: 2F
2-1: Ball
3-1: Base on Balls
Martín Garza scores
Mitchell Darragh to third
Iván Espinosa to second
Batting: SHB Norberto Muńóz 0-0: Called Strike
0-1: Ball
1-1: Ball
2-1: Ball
3-1: Base on Balls
Mitchell Darragh scores
Iván Espinosa to third
Tony Smith to second
Batting: RHB Dave Anderson 0-0: Ball
1-0: Swinging Strike
1-1: Swinging Strike
1-2: SINGLE (Groundball, 56D)
Iván Espinosa scores
Tony Smith to third
Norberto Muńóz to second
Batting: LHB Francisco Chavero 0-0: Fly out, F8 (Line Drive, 8LM)
Runner from 3rd tags up, SCORES, no throw
Batting: RHB John Stevens 0-0: Ball
1-0: Called Strike
1-1: Ball
2-1: Fly out, F6 (Line Drive, 6M)
Bottom of the 3rd over - 5 runs, 2 hits, 0 errors, 2 left on base; Menlo 1 - Culver City 5
TOP OF THE 4TH
Menlo Maniacs batting - Pitching for Culver City Extras : LHP Sebastián Cervantes
Batting: RHB Currito Campos 0-0: SINGLE (Line Drive, 8RS)
Batting: RHB Eleuterio Supardo 0-0: Ball
1-0: Ball
2-0: Called Strike
2-1: Ball
3-1: Base on Balls
Currito Campos to second
Batting: LHB Robby Lawson 0-0: Ball
1-0: Foul Ball, location: 2F
1-1: Ball
2-1: Ball
3-1: Foul Ball, location: 2F
3-2: Strikes out swinging
Batting: RHB José García 0-0: Ball
1-0: Ball
2-0: Ball
3-0: Base on Balls
Currito Campos to third
Eleuterio Supardo to second
Batting: RHB Miguel González 0-0: Called Strike
0-1: Called Strike
0-2: Ball
1-2: Foul Ball, location: 2F
1-2: Fly out, F7 (Line Drive, 7LS)
Runner from 3rd tags up, SCORES, no throw
Batting: SHB Von Smith 0-0: Foul Ball, location: 2F
0-1: Foul Ball, location: 2F
0-2: Ball
1-2: Ball
2-2: Ball
3-2: Foul Ball, location: 2F
3-2: SINGLE (Line Drive, 89S)
Eleuterio Supardo to third
José García to second
Eleuterio Supardo scores
José García to third
Batting: RHB William Rogers 0-0: Ball
1-0: Ball
2-0: Ball
3-0: Base on Balls
Von Smith to second
Batting: LHB Derrek Robinson 0-0: Ball
1-0: Called Strike
1-1: Foul Ball, location: 2F
1-2: Foul Ball, location: 2F
1-2: Strikes out swinging
Top of the 4th over - 2 runs, 2 hits, 0 errors, 3 left on base; Menlo 3 - Culver City 5
BOTTOM OF THE 4TH
Culver City Extras batting - Pitching for Menlo Maniacs : RHP Daniel Betteridge
Batting: SHB Joey Boyd 0-0: Called Strike
0-1: Ball
1-1: Ground out 6-3 (Groundball, 56)
Batting: LHB Martín Garza 0-0: Foul Ball, location: 2F
0-1: Ball
1-1: SINGLE (Flyball, 89S)
Batting: RHB Mitchell Darragh 0-0: Ball
1-0: Ball
2-0: Foul Ball, location: 2F
2-1: Ball
3-1: Swinging Strike
3-2: Foul Ball, location: 2F
3-2: Base on Balls
Martín Garza to second
Batting: LHB Iván Espinosa 0-0: Ball
1-0: Called Strike
1-1: Ball
2-1: Ball
3-1: Called Strike
3-2: Foul Ball, location: 2F
3-2: Fly out, F4 (Line Drive, 4)
Lined into DP, 4-6 (Line Drive, 4)
Bottom of the 4th over - 0 runs, 1 hit, 0 errors, 1 left on base; Menlo 3 - Culver City 5
TOP OF THE 5TH
Menlo Maniacs batting - Pitching for Culver City Extras : LHP Sebastián Cervantes
Batting: RHB Ben Byrd 0-0: Ball
1-0: Ball
2-0: Ball
3-0: Called Strike
3-1: Ground out 5-3 (Groundball, 5S)
Batting: RHB Currito Campos 0-0: Called Strike
0-1: Foul Ball, location: 2F
0-2: Ground out 6-3 (Groundball, 6)
Batting: RHB Eleuterio Supardo 0-0: Ball
1-0: Ball
2-0: Called Strike
2-1: Called Strike
2-2: Strikes out looking
Top of the 5th over - 0 runs, 0 hits, 0 errors, 0 left on base; Menlo 3 - Culver City 5
BOTTOM OF THE 5TH
Culver City Extras batting - Pitching for Menlo Maniacs : RHP Daniel Betteridge
Batting: LHB Tony Smith 0-0: Swinging Strike
0-1: Ball
1-1: Ball
2-1: Ball
3-1: Base on Balls
Batting: SHB Norberto Muńóz 0-0: Ball
1-0: Called Strike
1-1: Foul Ball, location: 2F
1-2: Ball
2-2: Foul Ball, location: 2F
2-2: Foul Ball, location: 2F
2-2: Reached on error, E5 (Groundball, 5)
Tony Smith to second
Batting: RHB Dave Anderson 0-0: Fly out, F3 (Popup, 3SF)
Batting: LHB Francisco Chavero 0-0: Foul Ball, location: 2F
0-1: Foul Ball, location: 2F
0-2: Ball
1-2: Grounds into double play, 5-4-3 (Groundball, 5)
Bottom of the 5th over - 0 runs, 0 hits, 1 error, 1 left on base; Menlo 3 - Culver City 5
TOP OF THE 6TH
Menlo Maniacs batting - Pitching for Culver City Extras : LHP Sebastián Cervantes
Batting: LHB Robby Lawson 0-0: Called Strike
0-1: Foul Ball, location: 2F
0-2: Ball
1-2: SINGLE (Groundball, 6D)
Batting: RHB José García 0-0: Foul Ball, location: 2F
0-1: Ball
1-1: Called Strike
1-2: Ball
2-2: Foul Ball, location: 2F
2-2: Ball
3-2: Strikes out swinging
Batting: RHB Miguel González 0-0: Swinging Strike
0-1: Swinging Strike
0-2: Ball
1-2: Ball
2-2: Strikes out swinging
Batting: SHB Von Smith 0-0: Called Strike
0-1: Ball
1-1: Ball
2-1: Ground out U3 (Groundball, 3)
Top of the 6th over - 0 runs, 1 hit, 0 errors, 1 left on base; Menlo 3 - Culver City 5
BOTTOM OF THE 6TH
Culver City Extras batting - Pitching for Menlo Maniacs : RHP Daniel Betteridge
Batting: RHB John Stevens 0-0: Called Strike
0-1: Swinging Strike
0-2: Strikes out swinging
Batting: SHB Joey Boyd 0-0: Ball
1-0: Foul Ball, location: 2F
1-1: Foul Ball, location: 2F
1-2: Ball
2-2: Foul Ball, location: 2F
2-2: Ball
3-2: Ground out 4-3 (Groundball, 4)
Batting: LHB Martín Garza 0-0: Ground out 4-3 (Groundball, 34D)
Bottom of the 6th over - 0 runs, 0 hits, 0 errors, 0 left on base; Menlo 3 - Culver City 5
TOP OF THE 7TH
Menlo Maniacs batting - Pitching for Culver City Extras : LHP Sebastián Cervantes
Pitching: RHP José García
Now at 2B: Joe Spears
Batting: RHB William Rogers 0-0: Ball
1-0: Called Strike
1-1: Swinging Strike
1-2: Strikes out swinging
Pitching: LHP Miguel Pazo
Batting: LHB Derrek Robinson 0-0: Foul Ball, location: 2F
0-1: SINGLE (Line Drive, 56)
Pitching: LHP Anthony Blackwell
Batting: RHB Ben Byrd 0-0: Ball
1-0: Ball
2-0: SINGLE (Line Drive, 56D)
Derrek Robinson to second
Batting: RHB Currito Campos 0-0: Called Strike
0-1: Ball
1-1: Fly out, F4 (Popup, 4M)
Batting: RHB Eleuterio Supardo 0-0: Called Strike
0-1: Called Strike
0-2: Strikes out swinging
Top of the 7th over - 0 runs, 2 hits, 0 errors, 2 left on base; Menlo 3 - Culver City 5
BOTTOM OF THE 7TH
Culver City Extras batting - Pitching for Menlo Maniacs : RHP Daniel Betteridge
Pitching: RHP Jesús Martínez
Batting: RHB Mitchell Darragh 0-0: Ball
1-0: Called Strike
1-1: Foul Ball, location: 2F
1-2: SINGLE (Groundball, 6MD)
Batting: LHB Iván Espinosa 0-0: Called Strike
0-1: Fly out, F8 (Flyball, 8LM)
Batting: LHB Tony Smith 0-0: Called Strike
Mitchell Darragh steals 2nd base
0-1: Ball
1-1: Ball
2-1: Ground out 4-3 (Groundball, 4)
Mitchell Darragh to third
Batting: SHB Norberto Muńóz 0-0: Foul Ball, location: 2F
0-1: Ball
1-1: Ball
2-1: Swinging Strike
2-2: Foul Ball, location: 2F
2-2: Ball
3-2: Ground out U3 (Groundball, 34)
Bottom of the 7th over - 0 runs, 1 hit, 0 errors, 1 left on base; Menlo 3 - Culver City 5
TOP OF THE 8TH
Menlo Maniacs batting - Pitching for Culver City Extras : LHP Anthony Blackwell
Batting: LHB Robby Lawson 0-0: Swinging Strike
0-1: Ball
1-1: Called Strike
1-2: Strikes out swinging
Batting: RHB José García 0-0: Ball
1-0: Ball
2-0: Foul Ball, location: 2F
2-1: Ball
3-1: Foul Ball, location: 2F
3-2: Foul Ball, location: 2F
3-2: Base on Balls
Batting: RHB Miguel González 0-0: Ball
1-0: Called Strike
1-1: Ground out 3-1 (Groundball, 34)
José García to second
Batting: SHB Von Smith 0-0: Ball
1-0: Called Strike
1-1: Ball
2-1: Called Strike
2-2: Ground out 5-3 (Groundball, 56S)
Top of the 8th over - 0 runs, 0 hits, 0 errors, 1 left on base; Menlo 3 - Culver City 5
BOTTOM OF THE 8TH
Culver City Extras batting - Pitching for Menlo Maniacs : RHP Jesús Martínez
Batting: RHB Dave Anderson 0-0: Ball
1-0: Ball
2-0: Called Strike
2-1: Ground out 6-3 (Groundball, 6)
Batting: LHB Francisco Chavero 0-0: Ball
1-0: Ball
2-0: Ball
3-0: Called Strike
3-1: Called Strike
3-2: Foul Ball, location: 2F
3-2: Base on Balls
Batting: RHB John Stevens 0-0: Ball
1-0: Swinging Strike
1-1: Ball
2-1: Foul Ball, location: 2F
2-2: Foul Ball, location: 2F
2-2: Ball
3-2: Base on Balls
Francisco Chavero to second
Batting: LHB Joe Spears 0-0: Foul Ball, location: 2F
0-1: Foul Ball, location: 2F
0-2: Strikes out swinging
Batting: LHB Martín Garza 0-0: Ball
1-0: Ball
2-0: Ball
3-0: Base on Balls
Francisco Chavero to third
John Stevens to second
Pitching: RHP Brad Small
Batting: RHB Mitchell Darragh 0-0: SINGLE (Groundball, 56D)
Francisco Chavero scores
John Stevens to third
Martín Garza to second
Runner from 3rd tries for Home, SAFE, no throw
Batting: LHB Iván Espinosa 0-0: Ball
1-0: Ball
2-0: Ball
3-0: Called Strike
3-1: 3-RUN HOME RUN (Flyball, 7D), Distance : 380 ft
Batting: LHB Tony Smith 0-0: Ball
1-0: Foul Ball, location: 2F
1-1: Ball
2-1: Foul Ball, location: 2F
2-2: Ground out 6-3 (Groundball, 6)
Bottom of the 8th over - 5 runs, 2 hits, 0 errors, 0 left on base; Menlo 3 - Culver City 10
TOP OF THE 9TH
Menlo Maniacs batting - Pitching for Culver City Extras : LHP Anthony Blackwell
Batting: RHB William Rogers 0-0: Fly out, F7 (Line Drive, 78M)
Batting: LHB Derrek Robinson 0-0: Ball
1-0: Called Strike
1-1: Ball
2-1: Called Strike
2-2: Foul Ball, location: 2F
2-2: Strikes out swinging
Batting: RHB Ben Byrd 0-0: Ball
1-0: Foul Ball, location: 2F
1-1: Swinging Strike
1-2: Ball
2-2: Ball
3-2: Fly out, F8 (Flyball, 8LD)
Top of the 9th over - 0 runs, 0 hits, 0 errors, 0 left on base; Menlo 3 - Culver City 10
Saturday, April 7th, 2018 - OOTP Baseball 18.8 Build 76